 Dungeon Crawl Stone Soup version 0.22.1-1-ga44c0e56f4 (webtiles) character file.

3141 MrBoozer the Cudgeler (level 9, -16/55 HPs)
             Began as a Gargoyle Fighter on Nov 3, 2018.
             Was an Initiate of Gozag.
             Killed by the air
             ... invoked by Gastronok
              (29 damage)
             ... on level 8 of the Dungeon.
             The game lasted 00:49:38 (7906 turns).

MrBoozer the Cudgeler (Gargoyle Fighter)            Turns: 7906, Time: 00:49:39

Health: -16/55     AC: 19    Str: 29    XL:     9   Next: 93%
Magic:  9/9        EV: 10    Int:  8    God:    Gozag
Gold:   326        SH: 11    Dex:  9    Spells: 8/8 levels left

rFire    + . .     SeeInvis .   a - +1 flail (holy)
rCold    x . .     Gourm    .   c - +0 shield
rNeg     + . .     Faith    .   o - +0 scale mail
rPois    ∞         Spirit   .   (no helmet)
rElec    +         Reflect  .   (no cloak)
rCorr    .         Harm     .   (no gloves)
MR       .....                  E - +0 pair of boots
Stlth    ..........             (no amulet)
HPRegen  0.18/turn              J - +4 ring of protection
MPRegen  0.11/turn              w - ring of fire

@: mighty
A: negative energy resistance 1, electricity resistance, unbreathing,
petrification resistance, rot immunity, AC +6
a: Potion Petition, Call Merchant, Bribe Branch, Renounce Religion


You were on level 8 of the Dungeon.
You worshipped Gozag.
Gozag was aware of your devotion.
You were near starving.

You visited 2 branches of the dungeon, and saw 10 of its levels.

You collected 1030 gold pieces.
You spent 704 gold pieces at shops.

Inventory:

Hand Weapons
 a - a +1 flail of holy wrath (weapon)
 b - a +0 hunting sling
 p - a +0 short sword
Missiles
 B - 135 stones (quivered)
Armour
 c - a +0 shield (worn)
 o - a +0 scale mail (worn)
 E - a +0 pair of boots (worn)
Jewellery
 i - an uncursed ring of protection from magic {unknown}
 j - an uncursed ring of poison resistance
 s - a +3 ring of dexterity {unknown}
 w - a ring of fire (right hand)
 y - a cursed ring of teleportation {unknown}
 H - an uncursed ring of protection from fire {unknown}
 J - a +4 ring of protection (left hand)
Wands
 z - a wand of polymorph (10)
 A - a wand of paralysis (6)
 D - a wand of random effects (10)
 I - a wand of iceblast (10)
 L - a wand of flame (33)
Scrolls
 h - a scroll of teleportation
 m - a scroll of amnesia
 n - 3 scrolls of remove curse
 q - a scroll of immolation
 K - a scroll of blinking
Potions
 e - 2 potions of haste {unknown}
 g - a potion of flight {unknown}
 k - a potion of resistance {unknown}
 l - a potion of invisibility {unknown}
 r - a potion of cancellation {unknown}
 t - a potion of mutation {unknown}
 v - 2 potions of lignification {unknown}
 x - 3 potions of degeneration {unknown}
 C - 2 potions of brilliance {unknown}
 G - a potion of magic {unknown}
 M - a potion of agility {unknown}
Comestibles
 f - 8 rations


   Skills:
 + Level 5.9 Fighting
 + Level 7.8 Maces & Flails
 + Level 4.1 Slings
 + Level 0.1(2.4) Throwing
 + Level 6.8 Armour
 + Level 2.8 Dodging
 + Level 1.7 Stealth
 + Level 7.2 Shields


You had 8 spell levels left.
You didn't know any spells.
Your spell library contained the following spells:

 Spells                   Type           Power        Failure   Level  Hunger
 Animate Skeleton         Necr           N/A          93%         1    ##.....
 Apportation              Tloc           #.....       93%         1    ##.....
 Confusing Touch          Hex            #.....       93%         1    ##.....
 Summon Small Mammal      Summ           #...         93%         1    ##.....
 Cause Fear               Hex            #.........   100%        4    #####..
 Silence                  Hex/Air        #.........   100%        5    ######.
 Yara's Violent Unravell  Hex/Tmut       #.........   100%        5    ######.
 Deflect Missiles         Chrm/Air       #.........   100%        6    #######
 Discord                  Hex            #.........   100%        8    #######


Dungeon Overview and Level Annotations

Branches:
Dungeon (9/15)             Temple (1/1) D:6
   Lair: D:8-11         Orc: D:9-12

Altars:
Ashenzari
Cheibriados
Dithmenos
Elyvilon
Fedhas
Gozag
Hepliaklqana
Kikubaaqudgha
Makhleb
Nemelex Xobeh
Okawaru
Qazlal
Ru
Sif Muna
Trog
Uskayaw
Vehumet
Wu Jian
Xom
Yredelemnul
Zin
The Shining One

Shops:
D:4 !   D:5 [   D:7 *

Annotations:
D:8 Gastronok


Innate Abilities, Weirdness & Mutations

You are resistant to torment.
Your stone body is resilient. (AC +6)
You are immune to poison.
You resist negative energy. (rN+)
You are resistant to electric shocks. (rElec)
You can survive without breathing.
You are immune to petrification.
You are immune to rotting.


Message History

There is a stone staircase leading down here.
You thump Gastronok!
Gastronok is lightly wounded.
Throwing (i - inventory)
B - 136 stones (quivered)
Press: ? - help, Shift-Dir - straight line, f - Gastronok
Aim: Gastronok, wearing a glowing hat (lightly wounded)
You throw a stone. The stone hits Gastronok.
Gastronok is lightly wounded.
Gastronok waves his eye-stalks in wide circles.
The air twists around and strikes you!
You sock Gastronok!
Gastronok is lightly wounded.
Gastronok waves his eye-stalks in wide circles.
The air twists around and strikes you!
* * * LOW HITPOINT WARNING * * *
Gastronok waves his eye-stalks in wide circles.
The air twists around and strikes you!
Ouch! That really hurt!
You die...
Your body crumbles into a pile of gold.

.# #...# .# ###.# ###
#.# (.# #.# #.# #.#
#.#### #.#
.....###.###########
#.##.##......w.....#
..##.##..###....@..####
.#....)..###........>.>.
...#.##.##.........####.
.....##.##.#.......#
(######.##.#.......# .#
#..[.........# ##
####.#.....### #
##......<..###### #
#.....)...........# $


You could see Gastronok.

Vanquished Creatures
  Pikel (D:6)
  2 hippogriffs
  An orc warrior (D:8)
  An ice beast (D:8)
  A sky beast (D:7)
  2 ogres (D:7)
  2 phantoms
  A centaur (D:6)
  A bullfrog (D:8)
  2 scorpions
  4 electric eels (D:7)
  6 crimson imps
  A bullfrog zombie (D:7)
  2 hounds (D:7)
  2 quasits
  A bullfrog skeleton (D:7)
  3 centaur skeletons
  4 orc priests
  6 orc wizards
  Ijyb (D:3)
  An iguana (D:8)
  9 worker ants
  A killer bee zombie (D:7)
  A hound zombie (D:5)
  6 gnolls
  9 adders
  2 shadow imps
  An ooze (D:3)
  An adder skeleton (D:5)
  A dart slug (D:3)
  5 leopard geckos
  26 orcs
  2 ball pythons (D:5)
  5 giant cockroaches
  8 goblins
  9 hobgoblins
  6 jackals
  7 kobolds
  5 quokkas
  2 bats
  5 frilled lizards
  4 rats
160 creatures vanquished.

Vanquished Creatures (others)
  A human (D:6)
  An adder skeleton (D:7)
2 creatures vanquished.

Grand Total: 162 creatures vanquished

Notes
Turn   | Place    | Note
-------+----------+-------------------------------------------
     0 | D:1      | MrBoozer the Gargoyle Fighter began the quest for the Orb.
     0 | D:1      | Reached XP level 1. HP: 14/14 MP: 1/1
   278 | D:1      | Reached XP level 2. HP: 18/19 MP: 2/2
  1004 | D:2      | Found a shadowy altar of Dithmenos.
  1345 | D:2      | Reached XP level 3. HP: 17/23 MP: 3/3
  1714 | D:3      | Reached XP level 4. HP: 26/28 MP: 4/4
  1865 | D:3      | Found a faded altar of an unknown god.
  1869 | D:3      | Noticed Ijyb
  1902 | D:3      | Killed Ijyb
  1902 | D:3      | Reached XP level 5. HP: 25/33 MP: 5/5
  2111 | D:3      | Reached skill level 1 in Slings
  2268 | D:3      | Became a worshipper of Gozag Ym Sagoz the Greedy
  2404 | D:4      | Reached XP level 6. HP: 33/38 MP: 6/6
  2609 | D:4      | Found a bloodstained altar of Trog.
  2914 | D:4      | Found Utageong's Distillery.
  2918 | D:4      | Bought a potion of heal wounds for 65 gold pieces
  2918 | D:4      | Bought a potion of heal wounds for 65 gold pieces
  3036 | D:5      | Entered Level 5 of the Dungeon
  3036 | D:5      | Noticed a phantom
  3068 | D:5      | Killed a phantom
  3105 | D:5      | Reached skill level 1 in Dodging
  3119 | D:5      | Reached XP level 7. HP: 41/43 MP: 7/7
  3377 | D:5      | Reached skill level 5 in Maces & Flails
  3741 | D:5      | Found Ceumomn's Antique Armour Shop.
  3909 | D:5      | Reached skill level 5 in Shields
  4495 | D:6      | Found a staircase to the Ecumenical Temple.
  4520 | Temple   | Entered the Ecumenical Temple
  4685 | D:6      | Noticed Pikel
  4704 | D:6      | Reached XP level 8. HP: 43/48 MP: 8/8
  4712 | D:6      | Paralysed by Pikel for 7 turns
  4729 | D:6      | Killed Pikel
  4729 | D:6      | Reached skill level 5 in Armour
  4762 | D:6      | Found an ancient bone altar of Kikubaaqudgha.
  4968 | D:6      | Found a sand-covered staircase.
  5150 | D:7      | Reached skill level 1 in Stealth
  5189 | D:7      | Found Durrid Gerr's General Store.
  5222 | D:7      | Bought a ration for 70 gold pieces
  5286 | D:7      | Reached skill level 5 in Fighting
  5385 | D:7      | Reached XP level 9. HP: 45/54 MP: 9/9
  5412 | D:7      | Found an opulent altar of Gozag.
  6138 | D:7      | Bought a +4 ring of protection for 504 gold pieces
  7343 | D:8      | Noticed Gastronok
  7906 | D:8      | Killed from afar by Gastronok

Skill      XL: |  1  2  3  4  5  6  7  8  9 |
---------------+----------------------------+-----
Armour         | 4 6 |  6.8
Shields        | 4 5 6 7 |  7.2
Maces & Flails | 3 4 5 6 7 |  7.8
Slings         | 1 3 4 |  4.1
Fighting       | 4 5 |  5.9
Dodging        | 1 2 |  2.8
Stealth        | 1 |  1.7
Throwing       | |  0.1

Action                   |  1- 3 |  4- 6 |  7- 9 || total
-------------------------+-------+-------+-------++-------
Melee: Flail             |   144 |   189 |   497 ||   830
 Fire: Hunting sling     |     7 |    33 |    68 ||   108
Throw: Stone             |       |     8 |     1 ||     9
Invok: Potion Petition   |       |       |     1 ||     1
  Use: Scroll            |     3 |     8 |     1 ||    12
       Potion            |       |       |    11 ||    11
  Eat: Chunk             |     3 |     2 |       ||     5
       Ration            |       |     1 |     4 ||     5
Armor: Scale mail        |    87 |    70 |   298 ||   455
Dodge: Dodged            |    47 |    47 |   184 ||   278
Block: Shield            |    77 |    84 |   281 ||   442
